 Dungeon Crawl Stone Soup version 0.27.0-65-ge2af304b15 (webtiles) character file.

Game seed: 3969506845570143282

8264 Crownlay the Destroyer (level 11, -1/74 HPs)
             Began as a Red Draconian Conjurer on Aug 18, 2021.
             Was a Believer of Sif Muna.
             Killed from afar by Fannar (31 damage)
             ... with a bolt of cold
             ... on level 10 of the Dungeon.
             The game lasted 00:28:20 (11853 turns).

Crownlay the Destroyer (Red Draconian Conjurer)    Turns: 11853, Time: 00:28:21

Health: -1/74      AC: 10    Str:  9    XL:     11   Next: 7%
Magic:  7/25       EV: 16    Int: 29    God:    Sif Muna [**....]
Gold:   622        SH:  0    Dex:  9    Spells: 22/30 levels left

rFire    + . .     SeeInvis .   K - +3 scimitar (flame)
rCold    . . .     Faith    .   (no shield)
rNeg     . . .     Spirit   .   (armour unavailable)
rPois    .         Reflect  .   (helmet restricted)
rElec    .         Harm     .   C - +0 cloak
rCorr    .         Rampage  .   w - +0 pair of gloves
Will     .....                  G - +0 pair of boots
Stlth    ++........             (no amulet)
HPRegen  0.22/turn              q - +6 ring of intelligence
MPRegen  0.19/turn              i - +4 ring of evasion

@: short of breath
A: breathe fire, AC +7, unfitting armour, fire resistance 1, cold-blooded
a: Breathe Fire, Renounce Religion, Channel Magic


You were on level 10 of the Dungeon.
You worshipped Sif Muna.
Sif Muna was pleased with you.
You visited 2 branches of the dungeon, and saw 11 of its levels.

You collected 622 gold pieces.

Inventory:

Hand Weapons
 K - a +3 scimitar of flaming (weapon)
Missiles
 b - a curare-tipped dart
 L - 3 throwing nets
Armour
 w - a +0 pair of gloves (worn)
 C - a +0 cloak (worn)
 G - a +0 pair of boots (worn)
Jewellery
 d - a +6 ring of dexterity
 g - a ring of ice
 i - a +4 ring of evasion (right hand)
 q - a +6 ring of intelligence (left hand)
 E - a ring of protection from fire
Wands
 l - a wand of digging (2)
 r - a wand of iceblast (6)
 v - a wand of polymorph (4)
 x - a wand of flame (35)
 y - a wand of mindburst (21)
 F - a wand of charming (17)
Scrolls
 a - a scroll of fog {unknown}
 c - a scroll of enchant armour {unknown}
 e - 3 scrolls of teleportation {unknown}
 f - 3 scrolls of amnesia {unknown}
 h - 2 scrolls of blinking {unknown}
 j - 2 scrolls of summoning {unknown}
 k - 3 scrolls of acquirement {unknown}
 m - 6 scrolls of magic mapping
 p - a scroll of enchant weapon {unknown}
 u - 2 scrolls of noise
 B - a scroll of fear {unknown}
 H - 2 scrolls of torment
 J - a scroll of silence
Potions
 n - a potion of cancellation
 o - 3 potions of curing
 s - 2 potions of heal wounds {unknown}
 t - 2 potions of berserk rage
 z - 2 potions of magic
 A - a potion of degeneration {unknown}
 D - 3 potions of brilliance {unknown}
 I - 2 potions of mutation {unknown}
 M - a potion of attraction {unknown}


   Skills:
 - Level 1.7 Dodging
 - Level 1.7 Stealth
 - Level 10.0 Spellcasting
 - Level 10.0 Conjurations
 * Level 4.9 Fire Magic
 - Level 10.0 Invocations


You had 22 spell levels left.
You knew the following spells:

 Your Spells              Type           Power      Damage    Failure   Level
a - Magic Dart            Conj           100%       1d8       1%          1
b - Searing Ray           Conj           100%       3d7       1%          2
c - Bolt of Magma         Conj/Fire/Erth 21%        4d11      14%         5

Your spell library contained the following spells:

 Spells                   Type           Power      Damage    Failure   Level
 Dazzling Flash           Conj/Hex       86%        N/A       1%          3
 Stone Arrow              Conj/Erth      86%        3d12      1%          3
 Animate Skeleton         Necr           28%        N/A       3%          1
 Pain                     Necr           56%        1d6       3%          1
 Mephitic Cloud           Conj/Pois/Air  33%        N/A       3%          3
 Fulminant Prism          Conj/Hex       21%        3d13      4%          4
 Iskenderun's Mystic Bla  Conj/Tloc      43%        2d10      4%          4
 Blink                    Tloc           N/A        N/A       5%          2
 Call Imp                 Summ           14%        N/A       5%          2
 Ensorcelled Hibernation  Hex/Ice        28%        N/A       5%          2
 Slow                     Hex            14%        N/A       5%          2
 Confusing Touch          Hex            14%        N/A       11%         3
 Spider Form              Tmut/Pois      7%         N/A       11%         3
 Vampiric Draining        Necr           7%         2d7       11%         3
 Conjure Ball Lightning   Conj/Air       21%        3x3d6     58%         6
 Manifold Assault         Tloc           14%        N/A       71%         5
 Yara's Violent Unravell  Hex/Tmut       7%         3d5       71%         5
 Shadow Creatures         Summ           N/A        N/A       99%         6
 Storm Form               Tmut/Air       7%         N/A       100%        7
 Discord                  Hex            7%         N/A       100%        8
 Disjunction              Tloc           7%         N/A       100%        8
 Shatter                  Erth           7%         3d9*      100%        9


Dungeon Overview and Level Annotations

Branches:
Dungeon (10/15)            Temple (1/1) D:5
   Lair: D:8-11         Orc: D:9-12

Altars:
Ashenzari
Cheibriados
Dithmenos
Elyvilon
Fedhas
Gozag
Hepliaklqana
Makhleb
Okawaru
Qazlal
Ru
Sif Muna
Trog
Uskayaw
Vehumet
Wu Jian
Xom
Yredelemnul
Zin
The Shining One

Shops:
D:9 =

Annotations:
D:7 2 transporters, theswoord's ghost, novice DsGl
D:10 Fannar


Innate Abilities, Weirdness & Mutations

You can breathe blasts of fire.
Your fiery red scales are hard. (AC +7)
You cannot fit into any form of body armour.
Your flesh is heat resistant. (rF+)
You are cold-blooded and may be slowed by cold attacks.


Message History

The orc is heavily wounded.
The searing ray hits Fannar!
Fannar is heavily wounded. (Press . to maintain the ray.)
The orc closely misses you.
The searing ray hits the orc!
You kill the orc!
Sif Muna accepts your kill.
The searing ray hits Fannar!
Fannar is heavily wounded.
The wraith completely misses you.
The searing ray hits Fannar.
Fannar is heavily wounded.
The wraith completely misses you.
The searing ray hits Fannar.
Fannar is severely wounded.
You finish channeling your searing ray.
Fannar barely misses you. The wraith hits you but does no damage.
Casting: Searing Ray (safe; 1% risk of failure)
Confirm with . or Enter, or press ? or * to list all spells.
Aiming: Searing Ray (safe; 1% risk of failure)
Press: ? - help, Shift-Dir - straight line, f/p - Fannar
Aim: Fannar, wielding a staff of cold and wearing a +2 robe of cold resistance (severely wounded, 72% to hit)
The searing ray hits Fannar.
Fannar is severely wounded. (Press . to maintain the ray.) Fannar misses you.
You riposte.
You closely miss Fannar.
Fannar is severely wounded.
The wraith hits you but does no damage.
The searing ray hits Fannar.
Fannar is severely wounded.
Fannar gestures wildly while chanting.
The wraith misses you.
The searing ray hits Fannar!
Fannar is almost dead.
Fannar points at you and mumbles some strange words.
The bolt of cold hits you!! The wraith closely misses you.
Fannar casts a spell at you. The bolt of cold hits you!!
You die...

#..# #########.(#
...........#######.
...................
#####.............
#..#########.. #..#
#..#########
####..@........
..........Y......
#########eW......
#..###### #).# #).#
#..# #... ....


You could see Fannar, a wraith and an ice beast (summoned).

Vanquished Creatures
  Harold (D:9)
  Erica (D:9)
  Pikel (D:7)
  Joseph (D:9)
  A troll (D:9)
  17 yaks
  2 wyverns (D:8)
  A black bear (D:6)
  An ice beast (D:7)
  4 orc warriors
  A sky beast (D:8)
  A necrophage (D:4)
  2 ogres
  3 centaurs
  2 lemures (D:7)
  A phantom (D:6)
  2 bullfrogs
  2 kobold brigands (D:7)
  A gnoll sergeant (D:8)
  2 scorpions
  A wyvern skeleton (D:6)
  A water moccasin skeleton (D:4)
  A wight (D:4)
  3 killer bees (D:8)
  3 howler monkeys (D:9)
  2 centaur zombies
  7 hounds
  A human zombie (D:4)
  A jelly (D:8)
  3 centaur skeletons
  3 orc priests
  2 gnoll shamans
  2 iguanas (D:5)
  2 scorpion zombies (D:4)
  5 orc wizards
  2 hound zombies (D:4)
  2 mummies (D:4)
  10 gnolls
  11 adders
  A shadow imp (D:6)
  A white imp (D:5)
  2 ufetubi
  An adder skeleton (D:4)
  An adder zombie (D:4)
  3 dart slugs
  15 orcs
  3 endoplasms
  2 giant cockroaches (D:2)
  8 goblins
  5 hobgoblins
  14 kobolds
  3 quokkas
  11 ball pythons
  6 bats
  A frilled lizard (D:2)
  A jackal zombie (D:4)
  4 rats
191 creatures vanquished.

Notes
Turn   | Place    | Note
-------+----------+-------------------------------------------
     0 | D:1      | Crownlay the Draconian Conjurer began the quest for the
                  | Orb.
     0 | D:1      | Reached XP level 1. HP: 14/14 MP: 3/3
   425 | D:1      | Reached XP level 2. HP: 20/20 MP: 0/5
  1237 | D:2      | Reached skill level 5 in Conjurations
  1265 | D:2      | Reached XP level 3. HP: 26/26 MP: 4/6
  1417 | D:2      | Learned a level 2 spell: Searing Ray
  1605 | D:2      | Found a glowing silver altar of Zin.
  1714 | D:2      | Found a faded altar of an unknown god.
  2254 | D:3      | Reached XP level 4. HP: 29/33 MP: 0/7
  2432 | D:3      | Reached XP level 5. HP: 38/38 MP: 4/8
  3201 | D:4      | Identified the +4 ring mail "Vezxauke" {rC- rCorr Dex+6
                  | Slay-2}
  3234 | D:4      | Reached XP level 6. HP: 27/45 MP: 0/9
  4108 | D:4      | Found an ornate altar of the Wu Jian Council.
  4408 | D:4      | Your scales start taking on a fiery red colour.
  4408 | D:4      | Reached XP level 7. HP: 50/50 MP: 6/10
  4408 | D:4      | Gained mutation: Your flesh is heat resistant. (rF+) [Red
                  | Draconian growth]
  4585 | D:4      | Found a basalt altar of Yredelemnul.
  5004 | D:5      | Entered Level 5 of the Dungeon
  5107 | D:5      | Found a staircase to the Ecumenical Temple.
  5345 | Temple   | Entered the Ecumenical Temple
  5352 | Temple   | Became a worshipper of Sif Muna the Loreminder
  5527 | D:5      | Found a hazy altar of Hepliaklqana.
  5549 | D:5      | Found a shadowy altar of Dithmenos.
  5720 | D:5      | Found a radiant altar of Vehumet.
  5807 | D:5      | Reached skill level 10 in Conjurations
  5807 | D:5      | Reached XP level 8. HP: 57/57 MP: 7/11
  6186 | D:6      | Found an opulent altar of Gozag.
  6317 | D:6      | Found a burning altar of Makhleb.
  6646 | D:6      | Reached skill level 5 in Spellcasting
  7114 | D:7      | Reached * piety under Sif Muna
  7379 | D:7      | Found a transporter.
  7380 | D:7      | Noticed theswoord's ghost (novice DsGl)
  7559 | D:7      | Found a transporter.
  7680 | D:7      | Noticed an air elemental
  7682 | D:7      | Found a stormy altar of Qazlal.
  7807 | D:7      | Noticed Pikel
  7810 | D:7      | Killed Pikel
  7811 | D:7      | Reached XP level 9. HP: 62/62 MP: 11/20
  8296 | D:7      | Found a glowing silver altar of Zin.
  8378 | D:8      | Found a glowing golden altar of the Shining One.
  8573 | D:8      | Found a snail-covered altar of Cheibriados.
  8685 | D:8      | Found a shimmering altar of Xom.
  8687 | D:8      | Found a blossoming altar of Fedhas.
  8687 | D:8      | Found a broken altar of Ashenzari.
  8689 | D:8      | Found a bloodstained altar of Trog.
  8689 | D:8      | Found a broken altar of Ashenzari.
  8689 | D:8      | Found a radiant altar of Vehumet.
  8730 | D:8      | Reached skill level 10 in Spellcasting
  8879 | D:8      | Reached skill level 1 in Invocations
  9424 | D:8      | Found a hide-covered altar of Uskayaw.
  9424 | D:8      | Noticed a +0 short sword
  9424 | D:8      | Noticed a +0 spear
  9426 | D:8      | Noticed a +0 spear
  9426 | D:8      | Noticed a +0 dagger
  9427 | D:8      | Noticed a +0 falchion
  9427 | D:8      | Noticed a +0 short sword
  9427 | D:8      | Noticed a +0 falchion
  9428 | D:8      | Noticed a +0 dagger
  9520 | D:8      | Reached ** piety under Sif Muna
  9521 | D:8      | Reached XP level 10. HP: 69/69 MP: 19/24
 10083 | D:9      | Found Sylyala's Jewellery Boutique.
 10238 | D:9      | Noticed Erica
 10243 | D:9      | Killed Erica
 10828 | D:9      | Noticed Joseph
 10840 | D:9      | Killed Joseph
 10987 | D:9      | Noticed Harold
 11013 | D:9      | Learned a level 5 spell: Bolt of Magma
 11037 | D:9      | Killed Harold
 11038 | D:9      | Reached skill level 10 in Invocations
 11069 | D:9      | Reached XP level 11. HP: 34/74 MP: 9/25
 11803 | D:10     | Entered Level 10 of the Dungeon
 11842 | D:10     | Noticed Fannar
 11853 | D:10     | Killed from afar by Fannar

Illustrated notes

Levels and vault maps discovered:
D:1:      nagdon_arrival_double_spiral, layout_rooms
D:2:      layout_loops_corners, shapermc_ecumenical_altar_venn, basic_altar,
          minmay_bisected
D:3:      layout_basic, grunt_decor_resistance, columned_hall_lemuel
D:4:      layout_loops_cross, lemuel_mausoleum_altar_yredelemnul,
          pdpol_wu_jian_five_deadly_venoms, minmay_joined_circles
D:5:      minmay_spotlight, layout_basic, mainiacjoe_overflow_tiny_flanked,
          vehumet_crystals, lemuel_coloured_pillars_altar,
          minmay_temple_entry_waves
D:6:      layout_rooms, mainiacjoe_overflow_concentric_impassable,
          makhleb_blood_cavern_becter
D:7:      layout_loops_corners, zin_scriptorium,
          nicolae_qazlal_style_of_elements, gammafunk_ghost_mausoleum,
          uniq_pikel
D:8:      layout_layer_cave, doesnt_xom_only_xom, amcnicky_altar_gilded,
          nicolae_uskayaw_en_pointe, nicolae_overflow_crystal_walls
D:9:      layout_stronghold, serial_shops, shop, uniq_erica, uniq_joseph,
          uniq_harold
D:10:     layout_long_grid, uniq_fannar
Temple:   compressed_dpeg_triangle_lava_temple

Skill      XL: |  1  2  3  4  5  6  7  8  9 10 11 |
---------------+----------------------------------+-----
Conjurations   | 5 6 7 8 10 | 10.0
Spellcasting   | 7 10 | 10.0
Invocations    | 3 10 | 10.0
Fire Magic     | 3 4 |  4.9
Dodging        | |  1.7
Stealth        | |  1.7

Action                   |  1- 3 |  4- 6 |  7- 9 | 10-12 || total
-------------------------+-------+-------+-------+-------++-------
Melee: Dagger            |    10 |       |       |       ||    10
       Tailslap          |     2 |     2 |     3 |       ||     7
       Whip              |       |    24 |    19 |       ||    43
       Scimitar          |       |       |       |     8 ||     8
 Cast: Magic Dart        |    55 |    58 |   102 |    18 ||   233
       Searing Ray       |     1 |    10 |    53 |    29 ||    93
 Abil: Breathe Fire      |       |       |     2 |     1 ||     3
Evoke: Wand              |       |       |     1 |       ||     1
  Use: Scroll            |       |       |     7 |     1 ||     8
 Stab: Sleeping          |       |     1 |       |       ||     1
Armor: Skin              |     5 |    13 |    16 |    19 ||    53
Dodge: Dodged            |    13 |    39 |    91 |    42 ||   185
       Rpst.: Scimitar   |       |       |       |    10 ||    10
